 Dungeon Crawl Stone Soup version 0.23-a0-368-g82e90586b2 (webtiles) character file.

3903 LostNumber the Archer (level 10, -1/83 HPs)
             Began as a Barachi Hunter on Oct 24, 2018.
             Was a Priest of Okawaru.
             Hit by a tomahawk thrown by an orc warrior (13 damage)
             ... on level 9 of the Dungeon.
             The game lasted 00:19:43 (8888 turns).

LostNumber the Archer (Barachi Hunter)              Turns: 8888, Time: 00:19:44

Health: -1/83      AC: 10    Str: 18    XL:     10   Next: 20%
Magic:  12/14      EV: 13    Int: 15    God:    Okawaru [***...]
Gold:   423        SH:  0    Dex: 14    Spells: 9/9 levels left

rFire    . . .     SeeInvis .   a - +1 shortbow
rCold    . . .     Gourm    .   (shield currently unavailable)
rNeg     . . .     Faith    +   k - +0 scale mail
rPois    .         Spirit   .   (no helmet)
rElec    .         Reflect  .   (no cloak)
rCorr    .         Harm     .   (no gloves)
MR       .....                  x - +2 pair of boots
Stlth    ++........             v - amulet of faith
HPRegen  0.23/turn              n - +4 ring of intelligence
MPRegen  0.14/turn              w - +2 ring of dexterity

@: heroism, slow
A: +LOS, swims, slowness 1, strong legs 1
a: Hop, Heroism, Renounce Religion


You were on level 9 of the Dungeon.
You worshipped Okawaru.
Okawaru was most pleased with you.
You were not hungry.

You visited 2 branches of the dungeon, and saw 10 of its levels.

You collected 423 gold pieces.

Inventory:

Hand Weapons
 a - a +1 shortbow (weapon)
 b - a +2 dagger of venom
 g - a +0 short sword
 D - a +1 short sword of flaming
Missiles
 d - 37 arrows (quivered)
Armour
 c - a +0 leather armour
 k - a +0 scale mail (worn)
 l - a +0 chain mail
 x - a +2 pair of boots (worn)
Jewellery
 n - a +4 ring of intelligence (left hand)
 v - an amulet of faith (around neck)
 w - a +2 ring of dexterity (right hand)
 y - an uncursed amulet of the acrobat
Wands
 z - a wand of paralysis (34)
 C - a wand of iceblast (11)
 E - a wand of enslavement (14)
Scrolls
 h - 8 scrolls of remove curse
 i - 3 scrolls of blinking {unknown}
 j - 2 scrolls of identify
 m - a scroll of enchant armour {unknown}
 o - 2 scrolls of magic mapping {unknown}
 s - 2 scrolls of noise {unknown}
 t - 2 scrolls of teleportation
 A - 2 scrolls of amnesia {unknown}
Potions
 e - 2 potions of might
 p - 2 potions of mutation
 q - 3 potions of curing
 r - a potion of haste
 B - a potion of cancellation
 F - a potion of invisibility {unknown}
Comestibles
 f - 23 rations
 G - a chunk of flesh


   Skills:
 + Level 9.1(14.1) Fighting
 * Level 11.1(16.1) Bows
 - Level 2.1(7.1) Dodging
 - Level 0.8(5.8) Stealth
 + Level 5.9 Invocations


You had 9 spell levels left.
You didn't know any spells.
Your spell library contained the following spells:

 Spells                   Type           Power        Failure   Level  Hunger
 Animate Skeleton         Necr           N/A          63%         1    ##.....
 Apportation              Tloc           #.....       63%         1    ##.....
 Confusing Touch          Hex            #.....       63%         1    ##.....
 Pain                     Necr           #...         63%         1    ##.....
 Summon Small Mammal      Summ           #...         63%         1    ##.....
 Regeneration             Chrm/Necr      #.........   94%         3    ####...
 Vampiric Draining        Necr           #.........   94%         3    ####...
 Animate Dead             Necr           N/A          100%        4    #####..


Dungeon Overview and Level Annotations

Branches:
Dungeon (9/15)             Temple (1/1) D:4
   Lair: D:8-11         Orc: D:9-12

Altars:
Ashenzari
Cheibriados
Dithmenos
Elyvilon
Fedhas
Gozag
Hepliaklqana
Kikubaaqudgha
Makhleb
Nemelex Xobeh
Okawaru
Qazlal
Ru
Sif Muna
Trog
Uskayaw
Vehumet
Wu Jian
Xom
Yredelemnul
Zin
The Shining One

Annotations:
D:5 exclusion: 4 doors


Innate Abilities, Weirdness & Mutations

Shadows flee at your approach. (+LOS)
You can swim through water.
You cover ground slowly.
You can hop short distances.


Message History

You kill the orc!
Okawaru accepts your kill.
Firing (i - inventory)
d - 38 arrows (quivered)
Press: ? - help, Shift-Dir - straight line, f - you
Okay, then.
You feel like a meek peon again.
You start resting.
An orc warrior comes into view. It is wielding a +0 short sword.
You gain the combat prowess of a mighty hero.
You are too injured to fight recklessly!
You are too injured to fight recklessly!
Firing (i - inventory)
d - 38 arrows (quivered)
Press: ? - help, Shift-Dir - straight line, f - orc warrior
Aim: an orc warrior, wielding a +0 short sword and wearing a +0 chain mail You shoot an arrow.
The orc warrior shouts!
The arrow hits the orc warrior.
The orc warrior is lightly wounded.
The orc warrior throws a tomahawk.
The tomahawk hits you!
You die...

#.....#
#...#.##
##[##..#
#.###.##
#.# #.^#
#.#
##.##
#.# #..#
#.#
##.##
#.# #@.#
#.#
##.##
#.# #..#
##.##
#).#
##)##
#((#
##o# .(.


You could see an orc warrior.

Vanquished Creatures
  Grinder (D:6)
  A hippogriff (D:8)
  A wyvern (D:8)
  Sigmund (D:3)
  2 hungry ghosts
  Menkaure (D:4)
  2 orc warriors
  2 phantoms
  2 sky beasts
  2 ice beasts
  2 ogres
  2 centaurs
  A big kobold (D:8)
  3 bullfrogs
  4 scorpions
  2 wights (D:8)
  2 crimson imps
  2 centaur zombies
  A bullfrog zombie (D:8)
  8 hounds
  A quasit (D:8)
  6 orc priests
  2 centaur skeletons
  5 orc wizards
  Jessica (D:3)
  4 worker ants
  A mummy (D:8)
  2 worker ant zombies
  2 howler monkey zombies
  A howler monkey skeleton (D:4)
  8 adders
  5 gnolls
  An ooze (D:1)
  2 adder skeletons
  A dart slug (D:1)
  21 orcs
  6 bats
  5 giant cockroaches
  7 goblins
  11 hobgoblins
  39 jackals
  5 quokkas
  3 ball pythons
  6 frilled lizards
  7 kobolds
  2 leopard gecko skeletons
  A leopard gecko zombie (D:7)
  5 rats
202 creatures vanquished.

Vanquished Creatures (others)
  A withered plant (D:8)
1 creature vanquished.

Grand Total: 203 creatures vanquished

Notes
Turn   | Place    | Note
-------+----------+-------------------------------------------
     0 | D:1      | LostNumber the Barachi Hunter began the quest for the Orb.
     0 | D:1      | Reached XP level 1. HP: 17/17 MP: 1/1
   242 | D:1      | Reached XP level 2. HP: 23/23 MP: 2/2
   924 | D:2      | Reached XP level 3. HP: 29/29 MP: 3/3
  1627 | D:3      | Reached skill level 5 in Bows
  1627 | D:3      | Reached XP level 4. HP: 23/35 MP: 4/4
  1911 | D:3      | Noticed Sigmund
  2084 | D:3      | Noticed Jessica
  2102 | D:3      | Killed Jessica
  2162 | D:3      | Reached XP level 5. HP: 42/42 MP: 5/5
  2311 | D:3      | Reached skill level 6 in Bows
  2422 | D:3      | Found a white marble altar of Elyvilon.
  2471 | D:3      | Became a worshipper of Elyvilon the Healer
  2579 | D:3      | Killed Sigmund
  2579 | D:3      | Reached skill level 1 in Invocations
  2579 | D:3      | Reached XP level 6. HP: 39/50 MP: 6/6
  2799 | D:4      | Reached skill level 5 in Fighting
  2823 | D:4      | Noticed an ice beast
  2838 | D:4      | Killed an ice beast
  2838 | D:4      | Reached skill level 7 in Bows
  2838 | D:4      | Reached XP level 7. HP: 56/56 MP: 8/8
  2856 | D:4      | Found a staircase to the Ecumenical Temple.
  2876 | Temple   | Entered the Ecumenical Temple
  3032 | Temple   | Reached * piety under Elyvilon
  3045 | Temple   | Fell from the grace of Elyvilon
  3045 | Temple   | Became a worshipper of Warmaster Okawaru
  3950 | D:4      | Noticed Menkaure
  3969 | D:4      | Killed Menkaure
  3969 | D:4      | Reached * piety under Okawaru
  3969 | D:4      | Reached skill level 8 in Bows
  3969 | D:4      | Reached XP level 8. HP: 16/64 MP: 10/10
  4520 | D:5      | Entered Level 5 of the Dungeon
  5324 | D:6      | Reached ** piety under Okawaru
  5324 | D:6      | Reached skill level 9 in Bows
  5401 | D:6      | Noticed Grinder
  5418 | D:6      | Paralysed by Grinder for 2 turns
  5427 | D:6      | Paralysed by Grinder for 7 turns
  5447 | D:6      | Killed Grinder
  5447 | D:6      | Reached XP level 9. HP: 56/72 MP: 9/12
  6119 | D:7      | Reached skill level 10 in Bows
  6338 | D:7      | Found a hazy altar of Hepliaklqana.
  6355 | D:7      | Found a shimmering altar of Xom.
  6355 | D:7      | Found a shimmering altar of Xom.
  6356 | D:7      | Found a bloodstained altar of Trog.
  6356 | D:7      | Found a hide-covered altar of Uskayaw.
  6356 | D:7      | Found a radiant altar of Vehumet.
  6481 | D:7      | Reached skill level 5 in Invocations
  7834 | D:8      | Reached *** piety under Okawaru
  7834 | D:8      | Reached XP level 10. HP: 40/82 MP: 14/14
  7922 | D:8      | Reached skill level 11 in Bows
  8888 | D:9      | Hit by a tomahawk thrown by an orc warrior

Vault maps used:
D:1:      saegor_arrival_simple_e, chequers_serial_rivers_small_3, minivault_11
D:2:      kennysheep_six_static_rooms, serial_park_tiny_pond,
          minmay_tiny_reverse_x
D:3:      lemuel_crystal_altar, first_ration, uniq_sigmund, uniq_jessica
D:4:      minmay_temple_entry_statues_pillars, uniq_menkaure
D:5:      lemuel_castle_with_subvaults, kennysheep_another_room
D:6:      uniq_grinder
D:7:      kennysheep_path_1, grunt_ogre_cave, doesnt_xom_only_xom
D:8:      serial_undead, serial_undead_c, serial_undead_e, serial_undead_f,
          serial_undead_b
D:9:      minmay_the_grid_triangle_9x9_rhombus_thin_mashed
Temple:   kilobyte_greek_temple

Skill      XL: |  1  2  3  4  5  6  7  8  9 10 |
---------------+-------------------------------+-----
Fighting       | 3 4 5 6 7 8 9 |  9.1
Bows           | 5 6 7 8 9 10 11 | 11.1
Invocations    | 1 3 4 5 |  5.9
Dodging        | |  2.1
Stealth        | |  0.8

Action                   |  1- 3 |  4- 6 |  7- 9 | 10-12 || total
-------------------------+-------+-------+-------+-------++-------
Melee: Short sword       |   143 |    64 |   363 |       ||   570
       Dagger            |       |       |   114 |    55 ||   169
       Punch             |       |       |     1 |     1 ||     2
 Fire: Shortbow          |       |    68 |   223 |    40 ||   331
Invok: Heroism           |       |       |    10 |     4 ||    14
 Abil: Hop               |     3 |     3 |     5 |     1 ||    12
  Use: Scroll            |       |       |     8 |       ||     8
       Potion            |       |       |       |     3 ||     3
  Eat: Chunk             |     3 |     4 |    11 |     2 ||    20
       Ration            |       |       |     2 |     1 ||     3
Armor: Leather armour    |     9 |       |       |       ||     9
       Scale mail        |    54 |    44 |   289 |    16 ||   403
Dodge: Dodged            |    83 |    65 |   334 |    20 ||   502

Table legend:
 A = Non-vault XP
 B = Vault XP
 C = Vault XP percentage of total XP
 D = Non-vault monster count
 E = Vault monster count
 F = Vault count percentage of total count
                 A         B        C        D         E       F
            +---------+---------+-------+---------+---------+-------
      Total |    4467 |    1109 |  19.9 |     167 |      35 |  17.3
            +---------+---------+-------+---------+---------+-------
        D:1 |      28 |       0 |   0.0 |      14 |       0 |   0.0
        D:2 |      19 |      15 |  44.1 |      10 |       8 |  44.4
        D:3 |     240 |     242 |  50.2 |      40 |       2 |   4.8
        D:4 |     617 |     172 |  21.8 |      22 |       1 |   4.3
        D:5 |     260 |      57 |  18.0 |      16 |      16 |  50.0
        D:6 |     956 |     272 |  22.1 |      14 |       1 |   6.7
        D:7 |     783 |     118 |  13.1 |      19 |       1 |   5.0
        D:8 |    1312 |     233 |  15.1 |      20 |       6 |  23.1
        D:9 |     241 |       0 |   0.0 |       8 |       0 |   0.0
     Temple |      11 |       0 |   0.0 |       4 |       0 |   0.0
            +---------+---------+-------+---------+---------+-------
